 Dungeon Crawl Stone Soup version 0.29.1-2-gbd0b4ee654 (webtiles) character file.

Game seed: 13853295214149192594

979 jamestheduck25 the Ruffian (level 7, -3/67 HPs)
             Began as a Troll Chaos Knight on Nov 16, 2022.
             Was a Plaything of Xom.
             Slain by a shadow (8 damage)
             ... on level 5 of the Dungeon.
             The game lasted 00:10:27 (3665 turns).

jamestheduck25 the Ruffian (Troll Chaos Knight)     Turns: 3665, Time: 00:10:28

Health: -3/67      AC:  6    Str: 23    XL:     7   Next: 96%
Magic:  6/6        EV: 10    Int:  8    God:    Xom [...*..]
Gold:   207        SH:  5    Dex:  9    Spells: 6/6 levels left

rFire   + . .      SeeInvis .     - Unarmed
rCold   + . .      Faith    .   (no shield)
rNeg    . . .      Spirit   .   a - +2 robe
rPois   +          Reflect  +   (helmet restricted)
rElec   .          Harm     .   j - scarf {rC+ rF+}
rCorr   +          Rampage  .   (gloves unavailable)
Will    .....                   (boots unavailable)
Stlth   ++........              e - amulet of reflection
HPRegen 1.01/turn               c - ring of resist corrosion
MPRegen 0.10/turn               h - ring of poison resistance

@: no status effects
A: large, unfitting armour, claws 3, regeneration 1, shaggy fur 1, tough skin 1
a: Renounce Religion


You were on level 5 of the Dungeon.
You worshipped Xom.
You were a favourite toy of Xom.
You visited 1 branch of the dungeon, and saw 5 of its levels.

You collected 207 gold pieces.

Inventory:

Hand Weapons
 r - a +2 dagger of speed
Armour
 a - a +2 robe (worn)
 j - a scarf of resistance (worn)
Jewellery
 c - a ring of resist corrosion (left claw)
 e - an amulet of reflection (around neck)
 h - a ring of poison resistance (right claw)
 q - a ring of see invisible
 y - a ring of positive energy
 z - a ring of see invisible
Scrolls
 g - 4 scrolls of identify {unknown}
 i - 4 scrolls of teleportation {unknown}
 m - a scroll of amnesia {unknown}
 n - 2 scrolls of enchant weapon {unknown}
 o - 3 scrolls of fog {unknown}
 u - a scroll of vulnerability {unknown}
 v - a scroll of poison {unknown}
 w - a scroll of fear {unknown}
 x - a scroll of blinking {unknown}
Potions
 d - 2 potions of attraction {unknown}
 f - 4 potions of invisibility {unknown}
 k - a potion of haste
 l - 4 potions of curing {unknown}
 p - a potion of heal wounds {unknown}
 s - 2 potions of brilliance {unknown}
 t - 3 potions of might {unknown}
Miscellaneous
 b - a piece from Xom's chessboard (14/15) (quivered)


   Skills:
 + Level 3.2 Fighting
 + Level 4.2 Dodging
 + Level 2.0 Stealth
 + Level 1.0 Shields
 + Level 7.0 Unarmed Combat
 + Level 0.2 Evocations


You had 6 spell levels left.
You didn't know any spells.
Your spell library contained the following spells:

 Spells                   Type           Power      Damage    Failure   Level
 Dazzling Flash           Conj/Hex       0%         N/A       78%         3
 Ignite Poison            Fire/Tmut/Pois 0%         N/A       78%         3
 Mephitic Cloud           Conj/Pois/Air  0%         N/A       78%         3
 Corpse Rot               Necr/Pois/Air  0%         N/A       99%         4
 Iskenderun's Mystic Bla  Conj/Tloc      0%         2d3       99%         4
 Summon Lightning Spire   Summ/Air       0%         N/A       99%         4
 Alistair's Intoxication  Tmut/Pois      0%         N/A       100%        5
 Freezing Cloud           Conj/Ice/Air   0%         6-21      100%        5
 Starburst                Conj/Fire      0%         6d3       100%        6


Dungeon Overview and Level Annotations

Branches:
Dungeon (5/15)             Temple (0/1) D:4

Altars:
Dithmenos
Elyvilon
Fedhas
Gozag
Hepliaklqana
Kikubaaqudgha
Okawaru
Sif Muna
Trog
Wu Jian
Yredelemnul
Zin
The Shining One

Shops:
D:1 =

Annotations:
D:5 1 transporter


Innate Abilities, Weirdness & Mutations

You are too large for most types of armour.
You have claws for hands.
Your natural rate of healing is unusually fast.
You are covered in fur. (AC +1)
You have tough skin. (AC +1)


Message History

Your piece from Xom's chessboard (15/15) has regained two charges.
Your Dodging skill increases to level 4!
Your Stealth skill increases to level 2!
Your Shields skill increases to level 1!
Your Unarmed Combat skill increases to level 7!
You claw the shadow!
The shadow is moderately damaged.
The hound barely misses you. The shadow hits you!
* * * LOW HITPOINT WARNING * * *
The adder bites you but does no damage.
You completely miss the shadow.
The shadow is moderately damaged.
The hound bites you.
* * * LOW HITPOINT WARNING * * *
The adder bites you but does no damage. You block the shadow's attack.
You scratch the hound but do no damage.
The hound is moderately wounded.
The hound stops moving altogether!
You block the adder's attack. The shadow hits you.
* * * LOW HITPOINT WARNING * * *
Non-targeted evoke: piece from Xom's chessboard (15/15)
Press: ? - help, Q - select action Dir - look around, f - activate You make a move on Xom's chessboard...
The hound resists with significant effort.
The adder closely misses you. The shadow closely misses you.
The helpless hound fails to defend itself.
You scratch the hound.
The hound is moderately wounded.
The adder bites you but does no damage. The shadow hits you!
* * * LOW HITPOINT WARNING * * *
The helpless hound fails to defend itself.
You scratch the hound.
The hound is heavily wounded.
The adder bites you but does no damage.
The helpless hound fails to defend itself.
You claw the hound!
The hound is severely wounded.
The adder closely misses you. The shadow hits you!
You die...
Xom chortles!

.....#...#..............(........
.....#>..#.................).....
.....#..........©.......########.
##'####.#...#########...####..##.
##..###.#..##8.....8##......#####
#..<.......#.....!...#......###..
#..........#.#.....#.#......##...
+..........#..#WS.#..#......#.._.
#..........#...h@....#......#....
####'###...#..#...#..#..##'##._.#
#....####..#$#.....#h#..##..#....
.......#...#©........#..#...#..⌠.
.......#...##8..$).8##..#...##...
########....#########...#...###..
#....###........©.......##.[#####
.......................####......
..............#......#...########


You could see a shadow, a hound (petrified) and an adder.

Vanquished Creatures
  The ghost of gregunderscorem the Insei, a novice OpTm of Cheibriados (D:5)
  3 ogres
  A necrophage (D:5)
  A scorpion (D:5)
  An orc priest (D:5)
  2 hounds
  2 iguanas
  An orc wizard (D:5)
  4 gnolls (D:2)
  4 adders
  An ufetubus (D:5)
  3 worms
  2 dart slugs
  5 orcs
  5 bats
  5 endoplasms
  5 giant cockroaches
  8 hobgoblins
  12 jackals
  A quokka (D:4)
  10 ball pythons
  A frilled lizard (D:1)
  5 goblins
  9 kobolds
  3 rats
95 creatures vanquished.

Vanquished Creatures (others)
  A human (D:5)
1 creature vanquished.

Grand Total: 96 creatures vanquished

Notes
Turn   | Place    | Note
-------+----------+-------------------------------------------
     0 | D:1      | jamestheduck25 the Troll Chaos Knight began the quest for
                  | the Orb.
     0 | D:1      | Reached XP level 1. HP: 22/22 MP: 0/0
   126 | D:1      | XOM: divination: detect items
   137 | D:1      | Reached XP level 2. HP: 29/29 MP: 1/1
   248 | D:1      | XOM: divination: detect creatures
   384 | D:1      | Found Qeros's Jewellery Shoppe.
   647 | D:1      | XOM: silly message
   692 | D:2      | Found a faded altar of an unknown god.
   726 | D:2      | Reached XP level 3. HP: 36/36 MP: 2/2
   847 | D:2      | Reached XP level 4. HP: 36/44 MP: 3/3
   854 | D:2      | XOM: scenery: 2 doors open
   888 | D:2      | XOM: 3-stop teleportation journey
  1032 | D:2      | XOM is BORED!
  1265 | D:2      | Reached skill level 4 in Unarmed Combat
  1511 | D:2      | Found a bloodstained altar of Trog.
  1667 | D:3      | Identified the +0 scale mail of Immorality {Contam rElec
                  | rC+ Regen+ Stlth+}
  1768 | D:3      | Found an ornate altar of the Wu Jian Council.
  2159 | D:4      | Noticed an ogre
  2162 | D:4      | XOM: enchant monster (good)
  2164 | D:4      | XOM: scenery: summon butterflies
  2173 | D:4      | Killed an ogre
  2174 | D:4      | Reached skill level 1 in Stealth
  2174 | D:4      | Reached XP level 5. HP: 53/53 MP: 4/4
  2235 | D:4      | Found a staircase to the Ecumenical Temple.
  2256 | D:4      | Found a glowing golden altar of the Shining One.
  2257 | D:4      | Found a glowing silver altar of Zin.
  2258 | D:4      | Found a white marble altar of Elyvilon.
  2291 | D:4      | XOM: god gift: 4 stones
  2337 | D:4      | Noticed an ogre
  2343 | D:4      | Killed an ogre
  2344 | D:4      | Reached skill level 5 in Unarmed Combat
  2344 | D:4      | Reached XP level 6. HP: 44/61 MP: 5/5
  3029 | D:5      | Entered Level 5 of the Dungeon
  3096 | D:5      | Found an ancient bone altar of Kikubaaqudgha.
  3097 | D:5      | Noticed a human
  3100 | D:5      | Killed a human
  3151 | D:5      | Reached XP level 7. HP: 35/63 MP: 6/6
  3157 | D:5      | Got the Anthology of Virulent Vapour
  3200 | D:5      | Found a blossoming altar of Fedhas.
  3216 | D:5      | Found an opulent altar of Gozag.
  3220 | D:5      | Found a basalt altar of Yredelemnul.
  3224 | D:5      | Found a shadowy altar of Dithmenos.
  3224 | D:5      | Found a hazy altar of Hepliaklqana.
  3228 | D:5      | Found a shimmering blue altar of Sif Muna.
  3232 | D:5      | Found an iron altar of Okawaru.
  3276 | D:5      | Noticed gregunderscorem's ghost (novice OpTm)
  3277 | D:5      | Found a transporter.
  3288 | D:5      | Noticed a shadow
  3297 | D:5      | XOM: confusion (+ monsters)
  3313 | D:5      | Reached skill level 6 in Unarmed Combat
  3334 | D:5      | Found a transporter.
  3464 | D:5      | XOM: summons friendly quasit
  3464 | D:5      | XOM: butterfly on damage
  3467 | D:5      | XOM: butterfly on damage
  3654 | D:5      | XOM: enchant monster (good)
  3658 | D:5      | Killed gregunderscorem's ghost
  3659 | D:5      | Reached skill level 1 in Shields
  3659 | D:5      | Reached skill level 7 in Unarmed Combat
  3663 | D:5      | HP: 3/67 [shadow (8)]
  3665 | D:5      | Slain by a shadow

Illustrated notes

Levels and vault maps discovered:
D:1:      onia_arrival_mini_spirals, layout_loops_ring, serial_shops, shop,
          minmay_heptomino_l4
D:2:      layout_basic, basic_altar, dreamdust_ecumenical_altar_grove,
          amethyst_killhole, kennysheep_pointless_box
D:3:      layout_basic, nicolae_wu_jian_immortal_techniques, saegor_snake_ambush
D:4:      layout_loops_corners, good_gods_temple_1,
          minmay_temple_entry_glassed_door, minmay_bisected
D:5:      layout_gridville, tgw_kikubaaqudgha,
          nicolae_overflow_hallway_of_the_gods, gammafunk_ghost_arena

Skill      XL: |  1  2  3  4  5  6  7 |
---------------+----------------------+-----
Dodging        | 2 3 4 |  4.2
Unarmed Combat | 4 5 7 |  7.0
Fighting       | 3 |  3.2
Stealth        | 1 2 |  2.0
Shields        | 1 |  1.0
Evocations     | |  0.2

Action                   |  1- 3 |  4- 6 |  7- 9 || total
-------------------------+-------+-------+-------++-------
Melee: Unarmed           |    78 |   174 |    62 ||   314
       Punch             |     1 |     4 |     3 ||     8
Evoke: Piece from Xom's  |       |     1 |     3 ||     4
 Stab: Petrified         |       |     9 |     3 ||    12
       Sleeping          |       |     1 |       ||     1
       Confused          |       |     1 |       ||     1
Armor: Robe              |    47 |    72 |    26 ||   145
Dodge: Dodged            |    47 |    79 |    32 ||   158
Block: Other             |       |     5 |    15 ||    20
